 Dungeon Crawl Stone Soup version 0.29-a0-121-g8efb068a30 (webtiles) character file.

Game seed: 825048179489403497

2959 Gargoyl the Chopper (level 9, -11/56 HPs)
             Began as a Gargoyle Abyssal Knight on Feb 20, 2022.
             Was a Priest of Lugonu.
             Mangled by a two-headed ogre (20 damage)
             ... on level 6 of the Dungeon.
             The game lasted 00:07:03 (7183 turns).

Gargoyl the Chopper (Gargoyle Abyssal Knight)       Turns: 7183, Time: 00:07:04

Health: -11/56     AC: 15    Str: 22    XL:     9   Next: 81%
Magic:  0/14       EV:  8    Int: 10    God:    Lugonu [***...]
Gold:   283        SH:  6    Dex: 10    Spells: 8/8 levels left

rFire   . . .      SeeInvis .   b - +4 broad axe (vorpal)
rCold   . . .      Faith    .   r - +0 kite shield
rNeg    + + .      Spirit   +   f - +0 scale mail
rPois   ∞          Reflect  .   q - +0 helmet
rElec   +          Harm     .   (no cloak)
rCorr   .          Rampage  .   (no gloves)
Will    .....                   (no boots)
Stlth   ..........              i - amulet of guardian spirit
HPRegen 0.18/turn               l - ring of positive energy
MPRegen 0.14/turn               (no ring)

@: no status effects
A: sickness immunity, AC +6, negative energy resistance 1, electricity
resistance, torment resistance 1, petrification resistance
a: Renounce Religion, Depart the Abyss, Bend Space, Banish


You were on level 6 of the Dungeon.
You worshipped Lugonu.
Lugonu was most pleased with you.
You visited 1 branch of the dungeon, and saw 7 of its levels.
You visited the Abyss 1 time.

You collected 283 gold pieces.

Inventory:

Hand Weapons
 a - a +1 hand axe
 b - a +4 vorpal broad axe (weapon)
Missiles
 g - 3 poisoned darts (quivered)
Armour
 f - a +0 scale mail (worn)
 q - a +0 helmet (worn)
 r - a +0 kite shield (worn)
Jewellery
 i - an amulet of guardian spirit (around neck)
 l - a ring of positive energy (left hand)
Wands
 o - a wand of mindburst (9)
Scrolls
 c - 2 scrolls of teleportation
Potions
 d - 2 potions of curing
 j - a potion of cancellation {unknown}
 n - a potion of might {unknown}
 p - 2 potions of brilliance {unknown}


   Skills:
 + Level 6.4 Fighting
 + Level 7.8 Axes
 + Level 5.9 Armour
 + Level 2.9 Dodging
 + Level 1.0 Stealth
 + Level 0.9 Shields
 * Level 7.3 Invocations


You had 8 spell levels left.
You didn't know any spells.
Your spell library contained the following spells:

 Spells                   Type           Power      Damage    Failure   Level
 Stone Arrow              Conj/Erth      0%         3d7       100%        3
 Animate Armour           Summ/Erth      0%         N/A       100%        4
 Lehudib's Crystal Spear  Conj/Erth      0%         10d2      100%        8
 Chain Lightning          Conj/Air       0%         N/A       100%        9
 Fire Storm               Conj/Fire      0%         5d1       100%        9
 Shatter                  Erth           0%         3d5*      100%        9


Dungeon Overview and Level Annotations

Branches:
Dungeon (7/15)             Temple (0/1) D:6

Altars:
Hepliaklqana
Ru


Innate Abilities, Weirdness & Mutations

You are immune to sickness and miasma.
Your stone body is resilient. (AC +6)
You are immune to poison.
You resist negative energy. (rN+)
You are resistant to electric shocks. (rElec)
You are resistant to unholy torment.
You are immune to petrification.


Message History

The two-headed ogre is poisoned.
The two-headed ogre is moderately wounded.
The two-headed ogre looks more healthy.
Space bends around you!
You blink.
Aiming: Mindburst
Press: ? - help, Shift-Dir - straight line, f/p - two-headed ogre
Aim: a two-headed ogre, wielding two +0 giant clubs (moderately wounded, chance to affect: 47%)
The two-headed ogre resists with some effort.
Aiming: Mindburst
Press: ? - help, Shift-Dir - straight line, f/p - two-headed ogre
Aim: a two-headed ogre, wielding two +0 giant clubs (moderately wounded, chance to affect: 47%)
The two-headed ogre's minds are blasted!
Space bends sharply around you!
You blink.
Aiming: Mindburst
Press: ? - help, Shift-Dir - straight line, f/p - two-headed ogre
Aim: a two-headed ogre, wielding two +0 giant clubs (severely wounded, chance to affect: 47%)
The two-headed ogre resists with some effort.
Aiming: Mindburst
Press: ? - help, Shift-Dir - straight line, f/p - two-headed ogre
Aim: a two-headed ogre, wielding two +0 giant clubs (severely wounded, chance to affect: 47%)
The two-headed ogre resists with some effort.
You block the two-headed ogre's attack.
The two-headed ogre hits you with a +0 giant club.
* * * LOW HITPOINT WARNING * * *
Space bends sharply around you!
You blink.
Aiming: Mindburst
Press: ? - help, Shift-Dir - straight line, f/p - two-headed ogre
Aim: a two-headed ogre, wielding two +0 giant clubs (severely wounded, chance to affect: 47%)
The two-headed ogre's minds are blasted!!
Unknown command.
Space bends sharply around you!
You blink.
Aiming: Mindburst
Press: ? - help, Shift-Dir - straight line, f/p - two-headed ogre
Aim: a two-headed ogre, wielding two +0 giant clubs (almost dead, chance to affect: 47%)
The two-headed ogre resists with some effort.
Unknown command.
You closely miss the two-headed ogre.
The two-headed ogre is almost dead.
The two-headed ogre hits you with a +0 giant club!!
You die...

#.....##......#.)..#..(
#.....##......#....'((.
#......#.....###'###...
#......'.....##....#...
#......#......'....###'
####'###......#....#...
#.....##......#....#...
#.............#....#...
#.....@.......#....#...
#....O.......########..
#............##....##..
#............#.....#...
#.....##.....#.!...##+#
#.....##.....#.....##..
#.....##.....##'#####..
#.....##.....##....##..
#......................


You could see a two-headed ogre.

Vanquished Creatures
  Pikel (D:5)
  An ugly thing (D:6)
  A water moccasin (D:6)
  2 sky beasts
  2 orc warriors (D:6)
  A hornet zombie (D:6)
  An ogre (D:6)
  2 necrophages (D:6)
  A lemure (D:5)
  A phantom (D:6)
  A water moccasin zombie (D:5)
  A gnoll sergeant (D:6)
  A scorpion (D:5)
  3 killer bees (D:4)
  3 howler monkeys
  A bullfrog zombie (D:6)
  2 hounds (D:4)
  A jelly (D:6)
  2 centaur skeletons
  4 orc priests
  4 iguanas
  3 bullfrog skeletons
  3 orc wizards
  A scorpion zombie (D:5)
  A hound zombie (D:5)
  3 gnolls (D:3)
  A howler monkey skeleton (D:4)
  4 adders
  A shadow imp (D:3)
  An adder skeleton (D:4)
  4 dart slugs
  19 orcs
  6 bats
  8 endoplasms
  2 giant cockroaches
  9 hobgoblins
  3 jackals (D:1)
  8 kobolds
  5 quokkas
  6 ball pythons
  3 frilled lizards
  7 goblins
  2 rats
136 creatures vanquished.

Notes
Turn   | Place    | Note
-------+----------+-------------------------------------------
     0 | Abyss:1  | Gargoyl the Gargoyle Abyssal Knight began the quest for the
                  | Orb.
     0 | Abyss:1  | Reached XP level 1. HP: 14/14 MP: 2/2
     2 | Abyss:1  | Found a corrupted altar of Lugonu.
    35 | D:1      | Escaped the Abyss
   345 | D:1      | Reached * piety under Lugonu
   346 | D:1      | Reached XP level 2. HP: 9/19 MP: 3/3
  1110 | D:1      | Reached XP level 3. HP: 19/24 MP: 4/4
  1111 | D:1      | Reached skill level 1 in Dodging
  1170 | D:1      | Found a faded altar of an unknown god.
  1658 | D:2      | Identified a scroll of acquirement
  1658 | D:2      | Acquired a +4 vorpal broad axe
  2363 | D:3      | Reached XP level 4. HP: 26/29 MP: 5/5
  2695 | D:3      | Reached ** piety under Lugonu
  2712 | D:3      | Reached XP level 5. HP: 21/33 MP: 7/7
  3711 | D:4      | Reached XP level 6. HP: 39/39 MP: 8/8
  4350 | D:4      | Reached XP level 7. HP: 41/44 MP: 8/10
  4418 | D:5      | Entered Level 5 of the Dungeon
  4684 | D:5      | Noticed Pikel
  4694 | D:5      | Killed Pikel
  4695 | D:5      | Reached skill level 5 in Fighting
  4695 | D:5      | Reached skill level 5 in Axes
  4695 | D:5      | Reached skill level 5 in Invocations
  4695 | D:5      | Reached XP level 8. HP: 29/49 MP: 11/11
  5138 | D:5      | Reached *** piety under Lugonu
  5540 | D:6      | Found a hazy altar of Hepliaklqana.
  5662 | D:6      | Reached skill level 5 in Armour
  5723 | D:6      | Reached XP level 9. HP: 55/55 MP: 13/13
  5773 | D:6      | Noticed a cyan ugly thing
  5789 | D:6      | Killed a cyan ugly thing
  5790 | D:6      | Reached skill level 1 in Stealth
  6318 | D:6      | Found a sacrificial altar of Ru.
  6511 | D:6      | Found a staircase to the Ecumenical Temple.
  7123 | D:7      | Noticed a two-headed ogre
  7183 | D:6      | Mangled by a two-headed ogre

Illustrated notes

Levels and vault maps discovered:
D:1:      psy_arrival_whirlpool, layout_loops_cross, basic_ecumenical_altar
D:2:      layout_loops_ring
D:3:      layout_basic, minmay_door_square
D:4:      layout_basic
D:5:      layout_loops_ring, uniq_pikel
D:6:      layout_gridville, minmay_temple_entry_junction,
          hangedman_feature_mirror, lightli_minifort
D:7:      layout_gridville, minmay_tree_intersection, minivault_23

Skill      XL: |  1  2  3  4  5  6  7  8  9 |
---------------+----------------------------+-----
Axes           | 2 3 5 6 7 |  7.8
Dodging        | 1 2 |  2.9
Fighting       | 4 5 6 |  6.4
Invocations    | 3 4 5 6 7 |  7.3
Armour         | 3 4 5 |  5.9
Stealth        | 1 |  1.0
Shields        | |  0.9

Action                   |  1- 3 |  4- 6 |  7- 9 || total
-------------------------+-------+-------+-------++-------
Melee: Hand axe          |    92 |       |       ||    92
       Broad axe         |    20 |   109 |   186 ||   315
       Punch             |       |       |     1 ||     1
Throw: Dart              |       |       |     6 ||     6
Invok: Depart the Abyss  |     1 |       |       ||     1
       Bend Space        |       |       |     6 ||     6
       Banish            |       |       |     1 ||     1
Evoke: Wand              |       |       |     6 ||     6
  Use: Scroll            |     5 |     2 |     4 ||    11
       Potion            |       |       |     1 ||     1
Armor: Leather armour    |    41 |       |       ||    41
       Scale mail        |    40 |    82 |   124 ||   246
Dodge: Dodged            |    87 |    81 |   101 ||   269
Block: Kite shield       |       |       |    46 ||    46

Table legend: (Time is in decaauts)
 A = Elapsed time spent in this place.
 B = Non-inter-level travel time spent in this place.
 C = Inter-level travel time spent in this place.
 D = Time resting spent in this place.
 E = Time spent auto-exploring this place.
 F = Levels seen in this place.
 G = Mean time per level.
                   A        B        C        D        E       F      G
               +--------+--------+--------+--------+--------+-----+--------+
         Total |   7339 |   7200 |    139 |    649 |   5266 |   8 |  917.4 |
       Dungeon |   7304 |   7165 |    139 |    649 |   5231 |   7 | 1043.4 |
         Abyss |     35 |     35 |      0 |      0 |     35 |   1 |   35.0 |
               +--------+--------+--------+--------+--------+-----+--------+

Top non-repeatable levels by time:
     D:6: 1676 daAuts
     D:1: 1639 daAuts
     D:4: 1181 daAuts
     D:5: 1148 daAuts
     D:3: 933 daAuts
     D:2: 704 daAuts
 Abyss:1: 35 daAuts
     D:7: 20 daAuts
